 Dungeon Crawl Stone Soup version 0.30-a0-165-g1891117ce2 (webtiles) character file.

Game seed: 2379434499022541384

2751 ryw the Fighter (level 9, -5/74 HPs)
             Began as a Demonspawn Monk on Sept 29, 2022.
             Was an Initiate of Yredelemnul.
             Slain by a komodo dragon (27 damage)
             ... on level 9 of the Dungeon.
             The game lasted 00:16:37 (11958 turns).

ryw the Fighter (Demonspawn Monk)                  Turns: 11958, Time: 00:16:37

Health: -5/74      AC:  8    Str: 11    XL:     9   Next: 41%
Magic:  9/9        EV: 16    Int: 15    God:    Yredelemnul [......]
Gold:   1640       SH:  4    Dex: 23    Spells: 8/8 levels left

rFire   + . .      SeeInvis .    f - +1 short sword (speed)
rCold   . . .      Faith    .    J - +0 buckler
rNeg    . . .      Spirit   .    a - +0 robe
rPois   .          Reflect  .    n - +0 helmet
rElec   .          Harm     .    I - +0 cloak
rCorr   .          Rampage  .    (no gloves)
Will    .....                    k - +0 pair of boots
Stlth   ++........               r - amulet of the acrobat
HPRegen 0.22/turn                x - +6 ring of dexterity
MPRegen 0.11/turn                d - ring of protection from fire

@: no status effects
A: hooves 1, molten scales 2, foul stench 3
a: Renounce Religion, Recall Undead Harvest


You were on level 9 of the Dungeon.
You worshipped Yredelemnul.
Yredelemnul was noncommittal.
You visited 2 branches of the dungeon, and saw 10 of its levels.

You collected 1640 gold pieces.

Inventory:

Hand Weapons
 f - a +1 short sword of speed (weapon)
 H - a +2 quarterstaff of chaos
Missiles
 j - 14 poisoned darts (quivered)
 o - 3 curare-tipped darts
 t - 12 boomerangs
 z - 4 throwing nets
Armour
 a - a +0 robe (worn)
 k - a +0 pair of boots (worn)
 n - a +0 helmet (worn)
 I - a +0 cloak (worn)
 J - a +0 buckler (worn)
Jewellery
 d - a ring of protection from fire (right hand)
 i - a +4 ring of evasion
 p - a ring of protection from cold
 r - an amulet of the acrobat (around neck)
 x - a +6 ring of dexterity (left hand)
 F - a +6 ring of strength
Wands
 m - a wand of roots (12)
 A - a wand of paralysis (14)
Scrolls
 c - 6 scrolls of teleportation
 g - 3 scrolls of blinking
 h - a scroll of amnesia
 l - 2 scrolls of poison {unknown}
 u - 3 scrolls of enchant armour {unknown}
 w - 2 scrolls of vulnerability
 y - a scroll of butterflies {unknown}
 C - 4 scrolls of identify
 D - a scroll of silence {unknown}
 E - a scroll of magic mapping {unknown}
Potions
 b - a potion of ambrosia
 e - 6 potions of curing
 q - a potion of berserk rage
 s - a potion of haste
 v - 2 potions of might
 B - a potion of brilliance {unknown}
 G - a potion of mutation {unknown}


   Skills:
 + Level 8.2 Fighting
 + Level 7.8 Short Blades
 + Level 6.2 Dodging
 - Level 1.7 Stealth
 - Level 2.6 Unarmed Combat


You had 8 spell levels left.
You didn't know any spells.
Your spell library contained the following spells:

 Spells                   Type           Power      Damage    Failure   Level
 Arcjolt                  Conj/Air       0%         1d10      100%        5
 Iskenderun's Battlesphe  Conj           0%         2d6       100%        5
 Iron Shot                Conj/Erth      0%         9d1       100%        6
 Spellforged Servitor     Conj/Summ      0%         N/A       100%        7


Dungeon Overview and Level Annotations

Branches:
Dungeon (9/15)             Temple (1/1) D:7
   Lair: D:8-11         Orc: D:9-12

Altars:
Gozag
Hepliaklqana
Qazlal
Ru
Trog
Uskayaw
Vehumet
Wu Jian
Xom
Yredelemnul

Shops:
D:7 *


Innate Abilities, Weirdness & Mutations

You have large cloven feet.
You are mostly covered in molten scales. (AC +3)
You frequently emit foul miasma when damaged in melee.


Message History

You feel sick.
You are no longer poisoned.
Your steam dragon zombie bites the steam dragon but does no damage.
Your steam dragon zombie claws the steam dragon but does no damage.
You hit the steam dragon.
The steam dragon is moderately wounded.
You block the steam dragon's attack.
The steam dragon claws you but does no damage.
The komodo dragon is engulfed in a cloud of scalding steam.
The komodo dragon bites you!
You hit the steam dragon.
The steam dragon is moderately wounded.
You hit the steam dragon.
The steam dragon is heavily wounded.
Your steam dragon zombie barely misses the steam dragon.
Your steam dragon zombie claws the steam dragon but does no damage.
The komodo dragon hisses menacingly.
The komodo dragon bites you! The steam dragon breathes steam at you.
The ball of steam hits you. You resist.
* * * LOW HITPOINT WARNING * * *
You hear a shout!
You hit the steam dragon but do no damage.
The steam dragon is heavily wounded.
You closely miss the steam dragon.
The steam dragon is heavily wounded.
You hit the steam dragon but do no damage.
The steam dragon is heavily wounded.
You block the steam dragon's attack. x2; You block the komodo dragon's attack.
Your steam dragon zombie bites the steam dragon.
Your steam dragon zombie closely misses the steam dragon.
Unknown command.
You closely miss the steam dragon.
The steam dragon is heavily wounded.
You hit the steam dragon but do no damage.
The steam dragon is heavily wounded.
The komodo dragon is engulfed in a cloud of scalding steam.
The komodo dragon bites you!!
You die...
Your body rises from the dead as a mindless zombie.

#### #..# ...
####..###..#
#.......#..#
#......§#..#
#.....§.#..#
#....§..#..#
...#..l@...#..#
.P.....DZ§..'..#
PP.....######..#
...P.$.......Z.###
.PP.P....#####...#
###PP.. #...#
#...P #...# #P.P.
#...# #...#


You could see a komodo dragon, a steam dragon (ally target) and a friendly steam
dragon zombie.

Vanquished Creatures
  A troll (D:7)
  2 steam dragons
  Menkaure (D:4)
  A water moccasin (D:7)
  A black bear (D:5)
  A kobold brigand (D:6)
  2 bullfrogs
  2 necrophages
  3 scorpions
  3 howler monkeys
  A crimson imp (D:5)
  2 hounds
  A jelly (D:4)
  9 orc priests
  2 gnoll boudas
  5 iguanas
  5 orc wizards
  Robin (D:2)
  16 gnolls
  An adder (D:4)
  A shadow imp (D:5)
  2 white imps
  2 ufetubi (D:6)
  A worm (D:2)
  2 dart slugs
  33 orcs
  8 endoplasms
  6 giant cockroaches
  19 goblins
  8 hobgoblins
  6 jackals
  A quokka (D:1)
  7 ball pythons
  7 bats
  3 frilled lizards
  13 kobolds
  7 rats
186 creatures vanquished.

Vanquished Creatures (collateral kills)
  A sky beast (D:7)
  A black bear (D:9)
  A howler monkey (D:8)
  Crazy Yiuf (D:7)
  A white imp (D:8)
5 creatures vanquished.

Vanquished Creatures (others)
  A howler monkey zombie (D:8)
  4 gnoll zombies
  2 orc zombies (D:7)
  3 fungi (D:9)
  7 plants
17 creatures vanquished.

Grand Total: 208 creatures vanquished

Notes
Turn   | Place    | Note
-------+----------+-------------------------------------------
     0 | D:1      | ryw the Demonspawn Monk began the quest for the Orb.
     0 | D:1      | Reached XP level 1. HP: 18/18 MP: 1/1
   467 | D:1      | Gained mutation: You may rarely emit foul miasma when
                  | damaged in melee. [demonic ancestry]
   467 | D:1      | Reached XP level 2. HP: 24/24 MP: 2/2
  1093 | D:1      | Reached skill level 4 in Fighting
  1317 | D:1      | Reached XP level 3. HP: 23/30 MP: 3/3
  1765 | D:2      | Noticed Robin
  2167 | D:2      | Killed Robin
  2168 | D:2      | Reached skill level 1 in Short Blades
  2408 | D:2      | Gained mutation: You sometimes emit foul miasma when
                  | damaged in melee. [demonic ancestry]
  2408 | D:2      | Reached XP level 4. HP: 35/38 MP: 4/4
  2986 | D:2      | Found a faded altar of an unknown god.
  3563 | D:3      | Reached skill level 5 in Fighting
  3820 | D:3      | Gained mutation: You are partially covered in molten
                  | scales. (AC +2) [demonic ancestry]
  3820 | D:3      | Reached XP level 5. HP: 41/44 MP: 5/5
  4751 | D:4      | Found a radiant altar of Vehumet.
  4760 | D:4      | Noticed Menkaure
  4764 | D:4      | Reached XP level 6. HP: 47/51 MP: 6/6
  4790 | D:4      | Killed Menkaure
  5547 | D:4      | Gained mutation: You frequently emit foul miasma when
                  | damaged in melee. [demonic ancestry]
  5547 | D:4      | Reached XP level 7. HP: 54/57 MP: 7/7
  5903 | D:5      | Entered Level 5 of the Dungeon
  6271 | D:5      | Reached skill level 5 in Short Blades
  6509 | D:4      | Reached skill level 6 in Fighting
  6592 | D:5      | Found a stormy altar of Qazlal.
  7327 | D:5      | Gained mutation: You have large cloven feet. [demonic
                  | ancestry]
  7327 | D:5      | Reached XP level 8. HP: 64/65 MP: 8/8
  7557 | D:5      | Identified a scroll of acquirement
  7560 | D:5      | Acquired 1114 gold pieces
  7736 | D:6      | HP: 2/65 [orc priest/divine providence (14)]
  9030 | D:7      | Found a staircase to the Ecumenical Temple.
  9059 | Temple   | Entered the Ecumenical Temple
  9067 | Temple   | Became a worshipper of Yredelemnul the Dark
  9067 | Temple   | Reached * piety under Yredelemnul
  9067 | Temple   | Reached ** piety under Yredelemnul
  9253 | D:7      | Reached skill level 7 in Fighting
  9258 | D:7      | Found Cyxuumis's General Store.
  9310 | D:7      | Noticed a troll
  9335 | D:7      | Killed a troll
  9336 | D:7      | Reached skill level 5 in Dodging
  9651 | D:7      | Found a runed translucent door.
  9652 | D:7      | Noticed Crazy Yiuf
 10021 | D:7      | Gained mutation: You are mostly covered in molten scales.
                  | (AC +3) [demonic ancestry]
 10021 | D:7      | Reached XP level 9. HP: 35/72 MP: 9/9
 10797 | D:7      | Killed Crazy Yiuf
 11279 | D:8      | Reached skill level 8 in Fighting
 11940 | D:9      | Noticed a komodo dragon
 11958 | D:9      | Slain by a komodo dragon

Illustrated notes

Levels and vault maps discovered:
D:1:      moated_graveyard_arrival, layout_loops_corners, minmay_small_reverse_x
D:2:      layout_rooms, shapermc_ecumenical_altar_mp_highgroup,
          guppyfry_early_orc_mine, uniq_robin
D:3:      layout_loops_ring
D:4:      layout_loops_corners, nicolae_vehumet_radiance, serial_bayou_pond_c,
          uniq_menkaure
D:5:      layout_rooms, nicolae_qazlal_scattered_showers, grunt_ministairs_2,
          minmay_fire_ice_demons
D:6:      layout_cave_pools, kennysheep_small_square
D:7:      layout_loops_corners, temple_fountains, serial_shops,
          nicolae_lakefront_shop, minmay_small_thing, uniq_crazy_yiuf_cottage
D:8:      layout_basic, mainiacjoe_overflow_divided_tiny
D:9:      layout_irregular_city, grunt_lair_entry_orc_guard_hut,
          minmay_misc_feat_iff, amcnicky_mini_pool_medium
Temple:   eino_narrow_crystal_temple

Skill      XL: |  1  2  3  4  5  6  7  8  9 |
---------------+----------------------------+-----
Fighting       | 4 5 6 7 8 |  8.2
Short Blades   | 1 2 3 4 5 7 |  7.8
Dodging        | 3 4 5 6 |  6.2
Stealth        | |  1.7
Unarmed Combat | |  2.6

Action                   |  1- 3 |  4- 6 |  7- 9 || total
-------------------------+-------+-------+-------++-------
Melee: Unarmed           |    67 |       |       ||    67
       Short sword       |   107 |   320 |   653 ||  1080
       Punch             |     5 |     5 |    13 ||    23
Invok: Recall Undead Har |       |       |     1 ||     1
  Use: Scroll            |       |     5 |     6 ||    11
       Potion            |       |     2 |     3 ||     5
 Stab: Sleeping          |     4 |     7 |     3 ||    14
       Distracted        |       |     1 |       ||     1
Armor: Robe              |    32 |    43 |    80 ||   155
Dodge: Dodged            |   105 |   159 |   316 ||   580
Block: Buckler           |       |       |    15 ||    15

Table legend: (Time is in decaauts)
 A = Elapsed time spent in this place.
 B = Non-inter-level travel time spent in this place.
 C = Inter-level travel time spent in this place.
 D = Time resting spent in this place.
 E = Time spent auto-exploring this place.
 F = Levels seen in this place.
 G = Mean time per level.
                   A        B        C        D        E       F      G
               +--------+--------+--------+--------+--------+-----+--------+
         Total |  11456 |  11138 |    318 |   2011 |   7463 |  10 | 1145.6 |
       Dungeon |  11441 |  11129 |    312 |   2011 |   7463 |   9 | 1271.2 |
        Temple |     14 |      8 |      6 |      0 |      0 |   1 |   14.0 |
               +--------+--------+--------+--------+--------+-----+--------+

Top non-repeatable levels by time:
     D:1: 2236 daAuts
     D:4: 1933 daAuts
     D:7: 1847 daAuts
     D:6: 1299 daAuts
     D:5: 1159 daAuts
     D:3: 1059 daAuts
     D:8: 916 daAuts
     D:2: 881 daAuts
     D:9: 108 daAuts
  Temple: 14 daAuts
